 Dungeon Crawl Stone Soup version 0.18-a0-1405-g73f4075 (webtiles) character file.

233 gorblad the Skirmisher (level 5, 0/46 HPs)
             Began as a Centaur Fighter on Feb 22, 2016.
             Slain by a gnoll
             ... wielding a +2 vampiric spear
              (7 damage)
             ... on level 3 of the Dungeon on Feb 24, 2016.
             The game lasted 00:08:25 (2835 turns).

gorblad the Skirmisher (Centaur Fighter)            Turns: 2835, Time: 00:08:26

Health: 0/46       AC:  7    Str: 19    XL:     5   Next: 74%
Magic:  5/5        EV:  5    Int:  7    God:
Gold:   235        SH:  9    Dex:  9    Spells: 0 memorised, 4 levels left

rFire  . . .     SeeInvis .     i - +3 trident (holy)
rCold  + . .     Gourm    .     j - +1 scale mail {rC+}
rNeg   . . .     Faith    .     c - +1 shield
rPois  .         Spirit   .     (no helmet)
rElec  .         Dismiss  .     (no cloak)
rCorr  .         Reflect  .     (no gloves)
SustAt .         Harm     .     (no barding)
MR     .....                    (no amulet)
Stlth  ..........               (no ring)
                                (no ring)

@: very quick, not resistant to hostile enchantments, extremely unstealthy
A: hooves 3, deformed body, speed 2, tough skin 3
a: no special abilities


You were on level 3 of the Dungeon.
You were not hungry.

You visited 1 branch of the dungeon, and saw 3 of its levels.

You collected 235 gold pieces.

Inventory:

Hand Weapons
 i - a +3 trident of holy wrath (weapon)
Armour
 c - a +1 shield (worn)
 j - a +1 scale mail of cold resistance (worn)
Jewellery
 m - an uncursed ring of wizardry {unknown}
 p - a +3 ring of strength {unknown}
Scrolls
 a - a scroll of amnesia {unknown}
 d - 2 scrolls of remove curse
 h - 2 scrolls of identify
 k - a scroll of enchant weapon
 o - a scroll of teleportation {unknown}
Potions
 b - a potion of brilliance {unknown}
Comestibles
 f - 5 bread rations
 g - 4 meat rations
 l - 16 chunks of flesh
 n - a beef jerky


   Skills:
 + Level 3.9 Fighting
 + Level 2.9 Polearms
 + Level 3.1 Armour
 + Level 1.3 Dodging
 + Level 2.8 Shields


You had 4 spell levels left.
You didn't know any spells.

Dungeon Overview and Level Annotations

Branches:
Dungeon (3/15)

Altars:
Dithmenos
Gozag
Pakellas
Vehumet


Innate Abilities, Weirdness & Mutations

You have hooves in place of feet.
Armour fits poorly on your strangely shaped body.
You cover ground very quickly.
You have extremely tough skin (AC +3).


Message History

Things that are here:
a sling bullet; 2 stones Drink which item? (? for menu, Esc to quit)
You feel better.
The hobgoblin shoots a sling bullet.
The sling bullet hits you.
Drink which item? (? for menu, Esc to quit)
You feel better.
The big kobold hits you but does no damage.
You closely miss the big kobold. Your kick misses the big kobold.
The big kobold hits you. You block the gnoll's attack.
The big kobold hits you but does no damage.
You block the big kobold's attack. The goblin hits you but does no damage.
You puncture the big kobold! You kick the big kobold.
The big kobold is heavily wounded.
The gnoll closely misses you. You block the big kobold's attack.
The big kobold hits you. The goblin hits you but does no damage.
The gnoll hits you from afar with a halberd!
* * * LOW HITPOINT WARNING * * *
The gnoll hits you from afar with a vampiric spear!
You die...

############### ########
#.......#.....## ##......#
#......)'......###.(.)...#
#########.......#ggK((().#
.#..)...........#K.........g#
.'......).......@KKg........#
.#.......)..(...#gg.........#
#########)......#........##+#
#.....))'......###.......#
#......)#.....## ##......#
##########################
≈≈≈≈≈≈≈≈≈≈≈≈≈≈≈≈≈≈≈≈≈≈≈≈≈####
≈≈≈≈≈≈≈≈≈≈≈≈≈≈≈≈≈≈≈≈≈≈≈≈≈≈≈≈≈
.≈≈≈≈≈≈≈≈≈≈≈≈≈≈≈≈≈≈≈≈≈≈≈≈≈≈≈≈


You could see 3 big kobolds, 2 gnolls, a hobgoblin, 2 goblins and a kobold.

Vanquished Creatures
  Terence (D:3)
  5 gnolls (D:3)
  3 adders
  An ooze (D:3)
  A worm (D:3)
  2 dart slugs (D:2)
  A giant gecko (D:2)
  5 orcs (D:3)
  3 giant cockroaches (D:1)
  28 goblins
  23 hobgoblins
  4 jackals (D:2)
  7 kobolds
  A ball python (D:1)
  5 bats
  7 giant newts
  9 rats
106 creatures vanquished.

Notes
Turn   | Place    | Note
--------------------------------------------------------------
     0 | D:1      | gorblad the Centaur Fighter began the quest for the Orb.
     0 | D:1      | Reached XP level 1. HP: 19/19 MP: 1/1
     8 | D:1      | Upgraded the game from 0.18-a0-1390-gc02854d to 0.18-a0-1405-g73f4075
   160 | D:1      | Reached XP level 2. HP: 23/26 MP: 2/2
   641 | D:2      | Reached XP level 3. HP: 10/31 MP: 3/3
  1193 | D:2      | Found a radiant altar of Vehumet.
  1453 | D:3      | Noticed Terence
  1459 | D:3      | Killed Terence
  1459 | D:3      | Reached XP level 4. HP: 33/38 MP: 4/4
  2066 | D:3      | Found a shadowy altar of Dithmenos.
  2105 | D:3      | Reached XP level 5. HP: 46/46 MP: 5/5
  2372 | D:3      | Found an opulent altar of Gozag.
  2372 | D:3      | Found an oddly glowing altar of Pakellas.
  2508 | D:3      | Reached skill level 1 in Dodging
  2835 | D:3      | Slain by a gnoll

Vault maps used:
D:1:      dpeg_arrival_rhombus
D:2:      lemuel_doored_altar
D:3:      minmay_goblin_kobold_castle, gammafunk_temple_overflow_elements,
          grunt_dithmenos_smoke, uniq_terence

Skill      XL: |  1  2  3  4  5 |
---------------+----------------+-----
Polearms       | 2 |  2.9
Armour         | 3 |  3.1
Dodging        | 1 |  1.3
Fighting       | |  3.9
Shields        | |  2.8

Action                   |  1- 3 |  4- 6 || total
-------------------------+-------+-------++-------
Melee: Trident           |   133 |   175 ||   308
  Use: Scroll            |     8 |     2 ||    10
       Potion            |     1 |     2 ||     3
  Eat: Chunk             |       |     5 ||     5
